 Dungeon Crawl Stone Soup version 0.30-a0-469-g84de5afbc5 (webtiles) character file.

Game seed: 3174793985286061218

3987 zishaf the Fighter (level 10, -20/78 HPs)
             Began as a Djinni Venom Mage on Dec 19, 2022.
             Was a High Priest of Jiyva.
             Demolished by a two-headed ogre
             ... wielding a +0 giant spiked club
              (23 damage)
             ... on level 9 of the Dungeon.
             The game lasted 00:10:25 (6793 turns).

zishaf the Fighter (Djinni Venom Mage)              Turns: 6793, Time: 00:10:26

Health: -20/78     AC:  9    Str: 14    XL:     10   Next: 46%
Gold:   400        EV: 14    Int: 18    God:    Jiyva [*****.] SH:  8 Dex: 16

rFire   + + .      SeeInvis .    a - +6 spear of Harmony {venom, rC+ rN++}
rCold   + . .      Faith    .    w - +0 kite shield
rNeg    + + .      Spirit   .    g - +0 robe {rC+}
rPois   ∞          Reflect  .    n - +1 hat {Will+}
rElec   .          Harm     .    m - +0 cloak
rCorr   +          Rampage  .    o - +0 pair of gloves
Will    ++...                    (boots unavailable)
Stlth   ++++......               (no amulet)
HPRegen 1.77/turn                c - +4 ring of protection
MPRegen 0.00/turn                y - +4 ring of evasion

@: flying
A: sickness immunity, fire resistance 2, cold vulnerability 1, float, innate
caster, HP casting, extra vitality 1, fangs 2, camouflage 2, agile 1, strong 2
a: Renounce Religion, Oozemancy, Slimify


You were on level 9 of the Dungeon.
You worshipped Jiyva.
Jiyva was extremely pleased with you.
You visited 1 branch of the dungeon, and saw 10 of its levels.

You collected 497 gold pieces.
You spent 97 gold pieces at shops.

Inventory:

Hand Weapons
 a - the +6 spear of Harmony (weapon) {venom, rC+ rN++}
   (You found it on level 3 of the Dungeon)

   It poisons the flesh of those it strikes.
   rC:        It protects you from cold.
   rN:        It greatly protects you from negative energy.
 f - a +3 dagger of venom
Armour
 g - a +0 robe of cold resistance (worn)
 m - a +0 cloak (worn)
 n - a +1 hat of willpower (worn)
 o - a +0 pair of gloves (worn)
 w - a +0 kite shield (worn)
Magical Staves
 b - a staff of poison
Jewellery
 c - a +4 ring of protection (left hand)
 e - a ring of protection from fire
 t - a ring of fire
 y - a +4 ring of evasion (right hand)
Wands
 l - a wand of iceblast (9)
 r - a wand of paralysis (8)
 s - a wand of digging (2)
 x - a wand of polymorph (3)
Scrolls
 h - 4 scrolls of teleportation
 u - 2 scrolls of blinking
Potions
 d - 4 potions of curing
 i - 3 potions of invisibility
 j - a potion of mutation
 k - a potion of resistance {unknown}
 p - 2 potions of brilliance
 q - 2 potions of lignification
 v - 3 potions of haste


   Skills:
 + Level 9.1 Fighting
 - Level 2.1 Dodging
 - Level 1.5 Stealth
 + Level 2.1 Shields
 * Level 8.9 Spellcasting


You had 7 spell levels left.
You knew the following spells:

 Your Spells              Type           Power      Damage    Failure   Level
a - Sting                 Tmut/Pois      100%       1d8       1%          1
b - Poisonous Vapours     Pois/Air       80%        N/A       1%          2
c - Shock                 Conj/Air       100%       1d9       1%          1
z - Mephitic Cloud        Conj/Pois/Air  40%        N/A       2%          3
A - Olgreb's Toxic Radia  Pois           40%        N/A       8%          4
B - Call Imp              Summ           40%        N/A       1%          2
C - Flame Wave            Conj/Fire      40%        2d11      8%          4
D - Wereblood             Tmut           40%        N/A       1%          2
Your spell library was empty.

Dungeon Overview and Level Annotations

Branches:
Dungeon (10/15)            Temple (0/1) D:4
   Lair: D:8-11         Orc: D:9-12

Altars:
Fedhas
Gozag
Hepliaklqana
Nemelex Xobeh
Qazlal
Trog
Uskayaw
Jiyva

Shops:
D:4 ?

Portals:
Abyss: D:7

Annotations:
D:3 2 runed translucent doors, Darkkill's ghost, amateur MiHu
D:5 1 runed translucent door
D:7 2 transporters, ytrimaz's ghost, novice DjFE


Innate Abilities, Weirdness & Mutations

You are immune to sickness and miasma.
You are immune to poison.
Your flesh is very heat resistant. (rF++)
You are vulnerable to cold. (rC-)
You float through the air rather than walking.
You learn spells naturally, not from books.
Your magical power is your life essence.
You have superior vitality. (+4 MHP)
You have extremely sharp teeth.
Your skin blends seamlessly with your surroundings (Stealth++).
You are agile. (Dex +4, Str/Int -1)
Your muscles are very strong. (Str +8, Int/Dex -2)


Message History

Press: ? - help, Dir - move target, f/p - two-headed ogre
Aim: a two-headed ogre, wielding a +0 giant spiked club and a +0 giant club (moderately wounded, extremely poisoned) Poisonous vapours surround the two-headed ogre!
The two-headed ogre looks as sick as possible!
The two-headed ogre attacks as you move away!
The two-headed ogre completely misses you. x2
You block the two-headed ogre's attack. The two-headed ogre closely misses you.
You hit the two-headed ogre but do no damage.
The two-headed ogre looks as sick as possible!
You bite the two-headed ogre.
The two-headed ogre is moderately wounded.
The two-headed ogre closely misses you.
The two-headed ogre hits you with a +0 giant club!
You puncture the two-headed ogre! You bite the two-headed ogre.
The two-headed ogre is heavily wounded.
The two-headed ogre barely misses you. x2
You hit the two-headed ogre.
The two-headed ogre looks as sick as possible!
The two-headed ogre is severely wounded.
The two-headed ogre hits you with a +0 giant spiked club!
You block the two-headed ogre's attack.
You barely miss the two-headed ogre.
You bite the two-headed ogre, but do no damage.
The two-headed ogre is severely wounded.
You hit the two-headed ogre.
The two-headed ogre looks as sick as possible!
You bite the two-headed ogre, but do no damage.
The two-headed ogre is severely wounded.
The two-headed ogre hits you with a +0 giant spiked club!
The two-headed ogre hits you with a +0 giant club!!
You shudder from the blow and a jelly pops out!
You hit the two-headed ogre.
The two-headed ogre looks as sick as possible!
Your bite misses the two-headed ogre.
The two-headed ogre is almost dead.
The two-headed ogre hits you with a +0 giant spiked club!!
* * * LOW HITPOINT WARNING * * *
You shudder from the blow and a jelly pops out!
The two-headed ogre hits you with a +0 giant club!!
You die...

#...........# #...
#..#........# ##... #
#.....>..# ....
...........# ...
#######....# . #.. #.##.#
..#.. #.##.#
....?##+##############....#
..............JO@J........#
......................###.#
.....###>..........#..# #.#
###..###..###......#..# #.#
#.......# #.........# #.#
#.......###.........###.#
.........................#
##########################


You could see a two-headed ogre (extremely poisoned, ally target), a friendly
acid blob (summoned) and a friendly azure jelly (summoned).

Vanquished Creatures
  2 hornets
  A wyvern (D:8)
  4 yaks (D:8)
  Grum (D:9)
  Menkaure (D:7)
  2 orc warriors (D:8)
  An ice beast (D:6)
  2 wolves (D:9)
  A centaur (D:9)
  A phantom (D:7)
  2 kobold brigands
  3 bullfrogs
  A gnoll sergeant (D:9)
  A necrophage (D:5)
  3 scorpions (D:5)
  4 wights (D:8)
  7 killer bees
  2 hounds
  Natasha (thrice) (D:3)
  A gnoll bouda (D:4)
  6 orc priests
  6 iguanas
  7 orc wizards
  Terence (D:2)
  11 gnolls
  6 adders
  A white imp (D:6)
  A worm (D:2)
  2 dart slugs
  27 orcs
  6 bats
  An endoplasm (D:2)
  14 giant cockroaches
  8 goblins
  8 hobgoblins
  2 quokkas
  3 ball pythons
  5 frilled lizards
  12 kobolds
  3 rats
  3 butterflies (D:5)
176 creatures vanquished.

Vanquished Creatures (others)
  2 centaurs
  2 bullfrogs
  4 jellies
  2 hounds
  An orc wizard (D:8)
  A dart slug (D:4)
  2 orcs
  An endoplasm (D:4)
  A giant cockroach (D:4)
  A quokka (D:3)
  2 plants (D:2)
19 creatures vanquished.

Grand Total: 195 creatures vanquished

Notes
Turn   | Place    | Note
-------+----------+-------------------------------------------
     0 | D:1      | zishaf the Djinni Venom Mage began the quest for the Orb.
     0 | D:1      | zishaf set off with the following spells memorised: Sting,
                  | Poisonous Vapours, Mephitic Cloud, Olgreb's Toxic Radiance.
     0 | D:1      | Reached XP level 1. HP: 15/15 MP: 0/0
   147 | D:1      | Reached skill level 1 in Fighting
   147 | D:1      | Reached XP level 2. HP: 11/22 MP: 0/0
   384 | D:1      | Reached XP level 3. HP: 26/27 MP: 0/0
   384 | D:1      | Learned a level 1 spell: Shock
  1160 | D:2      | Reached skill level 2 in Fighting
  1446 | D:2      | Reached XP level 4. HP: 33/33 MP: 0/0
  1760 | D:2      | Noticed Terence
  1768 | D:2      | Killed Terence
  2077 | D:3      | Found a runed translucent door.
  2081 | D:3      | Noticed Darkkill's ghost (amateur MiHu)
  2222 | D:3      | Found a faded altar of an unknown god.
  2237 | D:3      | Prayed at the altar of an unknown god.
  2237 | D:3      | Became a worshipper of Jiyva Jysax the Shapeless
  2237 | D:3      | Reached * piety under Jiyva
  2258 | D:3      | Noticed Natasha
  2268 | D:3      | Killed Natasha
  2269 | D:3      | Reached skill level 3 in Fighting
  2269 | D:3      | Reached XP level 5. HP: 29/40 MP: 0/0
  2269 | D:3      | Learned a level 2 spell: Wereblood
  2289 | D:3      | Noticed Natasha
  2294 | D:3      | Killed Natasha
  2327 | D:3      | Noticed Natasha
  2335 | D:3      | Killed Natasha
  2451 | D:3      | Found an opulent altar of Gozag.
  2550 | D:3      | Found a runed translucent door.
  2606 | D:3      | Identified the +6 spear of Harmony {venom, rC+ rN++}
  2870 | D:4      | Reached XP level 6. HP: 46/47 MP: 0/0
  2947 | D:4      | Reached skill level 4 in Fighting
  2955 | D:4      | Reached ** piety under Jiyva
  2986 | D:4      | Found a staircase to the Ecumenical Temple.
  3059 | D:4      | Reached XP level 7. HP: 52/53 MP: 0/0
  3059 | D:4      | Learned a level 2 spell: Call Imp
  3238 | D:4      | Found a sparkling altar of Nemelex Xobeh.
  3309 | D:4      | Found Odomupre's Magic Scroll Shoppe.
  3315 | D:4      | Bought a scroll of blinking for 97 gold pieces
  3458 | D:5      | Entered Level 5 of the Dungeon
  3562 | D:5      | Reached *** piety under Jiyva
  3771 | D:5      | Reached skill level 5 in Fighting
  4014 | D:5      | Found a hide-covered altar of Uskayaw.
  4017 | D:5      | Found a blossoming altar of Fedhas.
  4032 | D:5      | Found a runed translucent door.
  4041 | D:5      | Found a runed translucent door.
  4059 | D:5      | Reached skill level 5 in Spellcasting
  4059 | D:5      | Reached XP level 8. HP: 45/61 MP: 0/0
  4082 | D:5      | Found a bloodstained altar of Trog.
  4206 | D:6      | Noticed a hornet
  4212 | D:6      | Killed a hornet
  4213 | D:6      | Reached skill level 6 in Fighting
  4248 | D:6      | Reached **** piety under Jiyva
  4300 | D:6      | Gained mutation: Your skin changes colour to match your
                  | surroundings (Stealth+). [Jiyva's grace]
  4300 | D:6      | Gained mutation: Your skin blends seamlessly with your
                  | surroundings (Stealth++). [Jiyva's grace]
  4300 | D:6      | Gained mutation: Your skin perfectly mimics your
                  | surroundings (Stealth+++). [Jiyva's grace]
  4300 | D:6      | Gained mutation: You are agile. (Dex +4, Str/Int -1)
                  | [Jiyva's grace]
  4316 | D:6      | Found a stormy altar of Qazlal.
  4317 | D:6      | Noticed an air elemental
  4317 | D:6      | Noticed a fire elemental
  4317 | D:6      | Noticed a water elemental
  4418 | D:5      | Found a hazy altar of Hepliaklqana.
  4814 | D:7      | Found a transporter.
  4824 | D:7      | Reached ***** piety under Jiyva
  4829 | D:7      | Noticed Menkaure
  4838 | D:7      | Killed Menkaure
  4839 | D:7      | Reached skill level 7 in Fighting
  4839 | D:7      | Reached XP level 9. HP: 45/68 MP: 0/0
  4839 | D:7      | Learned a level 4 spell: Flame Wave
  5033 | D:7      | You are sucked into a shaft and drop 3 floors!
  5033 | D:10     | Entered Level 10 of the Dungeon
  5259 | D:7      | Found a transporter.
  5260 | D:7      | Found the +8 demon trident "Rift" {distort, reach+}
  5262 | D:7      | Found a one-way gate to the infinite horrors of the Abyss.
  5262 | D:7      | Noticed ytrimaz's ghost (novice DjFE)
  5264 | D:7      | Noticed an ancient zyme
  5737 | D:8      | Reached skill level 8 in Fighting
  5891 | D:8      | Reached XP level 10. HP: 66/77 MP: 0/0
  6451 | D:9      | Reached skill level 1 in Shields
  6489 | D:9      | Lost mutation: Your skin perfectly mimics your surroundings
                  | (Stealth+++). [Jiyva's grace]
  6489 | D:9      | Gained mutation: Your muscles are strong. (Str +4, Int/Dex
                  | -1) [Jiyva's grace]
  6489 | D:9      | Gained mutation: Your muscles are very strong. (Str +8,
                  | Int/Dex -2) [Jiyva's grace]
  6489 | D:9      | Gained mutation: You have very sharp teeth. [Jiyva's grace]
  6489 | D:9      | Gained mutation: You have extremely sharp teeth. [Jiyva's
                  | grace]
  6490 | D:9      | Noticed Grum
  6499 | D:9      | Reached skill level 9 in Fighting
  6506 | D:9      | Killed Grum
  6768 | D:9      | Noticed a two-headed ogre
  6793 | D:9      | HP: 3/78 [two-headed ogre/+0 giant spiked club (28)]
  6793 | D:9      | Demolished by a two-headed ogre

Illustrated notes

Levels and vault maps discovered:
D:1:      wheals_arrival_linesprint, layout_loops_ring
D:2:      layout_basic, serial_bayou, serial_bayou_shore_b,
          serial_bayou_crossing, serial_bayou_pond_d, serial_bayou_lagoon_a,
          uniq_terence
D:3:      layout_loops_ring, nicolae_gozag_seed_capital, ebering_ghost_sewer_f,
          hellmonk_ecumenical_altar_heavens_door, uniq_natasha
D:4:      kennysheep_six_static_rooms, layout_basic,
          nemelex_diamond_rough_becter, minmay_temple_entry_stoned_glass,
          serial_shops, nicolae_shop_hallway_plus, hex_large
D:5:      lemuel_insect_pit, layout_loops_ring, kennysheep_little_box,
          nicolae_overflow_hidden_temple
D:6:      layout_gridville, nicolae_qazlal_style_of_elements, minmay_checkerbox
D:7:      layout_loops_corners, gammafunk_ghost_abyssal_escape, uniq_menkaure
D:8:      layout_basic
D:9:      layout_stronghold, eino_house_with_fridge, uniq_grum
D:10:     layout_basic

Skill      XL: |  1  2  3  4  5  6  7  8  9 10 |
---------------+-------------------------------+-----
Fighting       | 1 2 3 4 5 7 8 9 |  9.1
Spellcasting   | 3 4 5 6 8 |  8.9
Shields        | 2 |  2.1
Dodging        | |  2.1
Stealth        | |  1.5

Action                   |  1- 3 |  4- 6 |  7- 9 | 10-12 || total
-------------------------+-------+-------+-------+-------++-------
Melee: Dagger            |    37 |    58 |       |       ||    95
       Punch             |     1 |     1 |     1 |       ||     3
       Spear             |       |    46 |   135 |    43 ||   224
       Bite              |       |       |       |     7 ||     7
 Cast: Sting             |    31 |    16 |     4 |       ||    51
       Olgreb's Toxic Ra |       |     1 |     8 |    10 ||    19
       Poisonous Vapours |       |       |    15 |     5 ||    20
       Mephitic Cloud    |       |       |     3 |     4 ||     7
       Flame Wave        |       |       |     5 |     2 ||     7
  Use: Scroll            |       |       |    15 |       ||    15
 Stab: Sleeping          |     3 |     5 |     2 |     1 ||    11
       Confused          |       |       |     2 |     1 ||     3
Armor: Robe              |    16 |    32 |    31 |    17 ||    96
Dodge: Dodged            |    25 |    81 |    88 |    36 ||   230
Block: Kite shield       |       |       |       |    19 ||    19

Table legend: (Time is in decaauts)
 A = Elapsed time spent in this place.
 B = Non-inter-level travel time spent in this place.
 C = Inter-level travel time spent in this place.
 D = Time resting spent in this place.
 E = Time spent auto-exploring this place.
 F = Levels seen in this place.
 G = Mean time per level.
                   A        B        C        D        E       F      G
               +--------+--------+--------+--------+--------+-----+--------+
         Total |   6815 |   6502 |    313 |      2 |   5345 |  10 |  681.5 |
       Dungeon |   6815 |   6502 |    313 |      2 |   5345 |  10 |  681.5 |
               +--------+--------+--------+--------+--------+-----+--------+

Top non-repeatable levels by time:
     D:2: 1075 daAuts
     D:1: 930 daAuts
     D:7: 881 daAuts
     D:3: 767 daAuts
     D:5: 743 daAuts
     D:8: 731 daAuts
     D:4: 687 daAuts
     D:6: 558 daAuts
     D:9: 432 daAuts
    D:10: 6 daAuts
